 Dungeon Sprint DCSS version 0.29-a0-700-g2f1814c7b2 (webtiles) character file.

Game seed: 1937686174926960278

8607 mhtbhm the Imperceptible (level 11, -1/45 HPs)
             Began as a Felid Enchanter on June 25, 2022.
             Was the Champion of Dithmenos.
             Slain by the 27-headed Lernaean hydra (12 damage)
             ... in the Dungeon (Sprint I: "Red Sonja") on June 26, 2022.
             The game lasted 00:12:31 (3430 turns).

mhtbhm the Imperceptible (Felid Enchanter)          Turns: 3430, Time: 00:12:32

Health: -1/45      AC:  2    Str:  4    XL:     11   Next: 12%
Magic:  20/26      EV: 28    Int: 16    God:    Dithmenos [******]
Gold:   1422       SH:  0    Dex: 22    Spells: 3/30 levels left
                                        Lives:  0   Deaths: 3

rFire   + . .      SeeInvis +     - Unarmed
rCold   x . .      Faith    +   (shield unavailable)
rNeg    . . .      Spirit   .   (body armour unavailable)
rPois   .          Reflect  .   (helmet unavailable)
rElec   .          Harm     .   (cloak unavailable)
rCorr   .          Rampage  .   (gloves unavailable)
Will    +....      NoTele   +   (boots unavailable) Stlth *******+++
                                g - amulet of faith
HPRegen 0.15/turn               n - ring of flight
MPRegen 0.20/turn               o - ring of fire

@: confusing by touch, flying, hasted, wreathed by umbra, very quick
A: very small, claws 1, fangs 3, see invisible, speed 1, shaggy fur 2, stealthy
paws, no weapons or thrown items, no armour, multi-lived
a: Renounce Religion, Shadow Step, Shadow Form


You were in the Dungeon.
You worshipped Dithmenos.
Dithmenos was exalted by your worship.
You visited 1 branch You collected 2809 gold pieces.
You spent 1387 gold pieces at shops.

Inventory:

Jewellery
 g - an amulet of faith (around neck)
 n - a ring of flight (left paw)
 o - a ring of fire (right paw)
 p - an amulet of the acrobat
Wands
 f - a wand of flame (8)
Scrolls
 a - a scroll of immolation
 c - 4 scrolls of identify
 h - a scroll of enchant weapon
 i - 3 scrolls of magic mapping
 j - a scroll of fear {unknown}
 l - 3 scrolls of blinking
 m - 2 scrolls of fog
Potions
 b - 2 potions of curing
 d - a potion of haste
 e - a potion of magic
 k - a potion of cancellation {unknown}


   Skills:
 + Level 3.1 Fighting
 + Level 12.0 Dodging
 + Level 23.5 Stealth
 + Level 11.8 Unarmed Combat
 + Level 10.4 Spellcasting
 + Level 3.2 Conjurations
 + Level 17.7 Hexes
 + Level 5.1 Ice Magic
 * Level 12.9 Invocations
 + Level 1.8 Evocations


You had 3 spell levels left.
You knew the following spells:

 Your Spells              Type           Power      Damage    Failure   Level
a - Ensorcelled Hibernat  Hex/Ice        88%        N/A       1%          2
b - Confusing Touch       Hex            60%        N/A       1%          3
c - Tukima's Dance        Hex            60%        N/A       1%          3
d - Dazzling Flash        Conj/Hex       82%        N/A       1%          3
e - Slow                  Hex            100%       N/A       0%          1
f - Inner Flame           Hex/Fire       53%        N/A       1%          3
g - Cause Fear            Hex            30%        N/A       1%          4
h - Discord               Hex            30%        N/A       36%         8

Your spell library contained the following spells:

 Spells                   Type           Power      Damage    Failure   Level
 Apportation              Tloc           16%        N/A       9%          1
 Vampiric Draining        Necr           8%         2d6       26%         3
 Alistair's Intoxication  Tmut/Pois      5%         N/A       94%         5


Dungeon Overview and Level Annotations

Branches:
Dungeon (1/1)

Altars:
Cheibriados
Dithmenos
Elyvilon
Fedhas
Gozag
Hepliaklqana
Kikubaaqudgha
Makhleb
Nemelex Xobeh
Okawaru
Qazlal
Ru
Sif Muna
Trog
Uskayaw
Vehumet
Wu Jian
Xom
Yredelemnul
Zin
The Shining One
Jiyva
Lugonu

Shops:
D *[(!=:(?*:!([*![*?

Annotations:
D Lernaean hydra


Innate Abilities, Weirdness & Mutations

You have sharp claws.
You have razor-sharp teeth.
You have supernaturally acute eyesight. (SInv)
You cover ground quickly. (Speed+)
You are covered in thick fur. (AC +2)
Your paws help you pounce on unaware monsters.
You are incapable of wielding weapons or throwing items.
You cannot wear armour.
You gain extra lives every three experience levels.


Message History

Aiming: Shadow Step
Press: ? - help, Dir - move target, f - 27-headed Lernaean hydra
Aim: the 27-headed Lernaean hydra (wandering, hasn't noticed you, umbra)
You step into the 27-headed Lernaean hydra's shadow.
You pounce on the helpless 27-headed Lernaean hydra from behind!
You eviscerate the 27-headed Lernaean hydra!!!
The 27-headed Lernaean hydra is heavily wounded.
Your shadow hits the 27-headed Lernaean hydra.
Unknown command.
Okay, then.
Casting: Confusing Touch (safe; 1% risk of failure)
Confirm with . or Enter, or press ? or * to list all spells.
Your paws begin to glow red.
There is an open door here.
Found 27 gold pieces.
Aiming: Throw Flame
Press: ? - help, Shift-Dir - straight line, f/p - 27-headed Lernaean hydra
Aim: the 27-headed Lernaean hydra (moderately wounded, chance to confuse on hit: 4%, umbra, 90% to hit)
The puff of flame hits the 27-headed Lernaean hydra!
The 27-headed Lernaean hydra is heavily wounded.
Unknown command.
You scratch the 27-headed Lernaean hydra but do no damage.
The 27-headed Lernaean hydra is heavily wounded.
Your shadow hits the 27-headed Lernaean hydra.
Unknown command.
You scratch the 27-headed Lernaean hydra but do no damage.
The 27-headed Lernaean hydra is heavily wounded.
Your shadow hits the 27-headed Lernaean hydra.
The 27-headed Lernaean hydra closely misses you.
The 27-headed Lernaean hydra misses you.
The 27-headed Lernaean hydra closely misses you.
The 27-headed Lernaean hydra completely misses you. x2
The 27-headed Lernaean hydra bites you!
You emit a cloud of dark smoke.
The 27-headed Lernaean hydra barely misses you.
The 27-headed Lernaean hydra misses you.
The 27-headed Lernaean hydra bites you!
* * * LOW HITPOINT WARNING * * *
The 27-headed Lernaean hydra completely misses you. x2
The 27-headed Lernaean hydra bites you!
You die...

.# #÷.≈##§.§§.§.§##
##
###..≈#.§§§...§..#
#
#.≈..##§.....§...##
#.≈).#§..§........#
###..#....§§......#
#.'..##..........##
#.##'##.......§..#
#.#≈D§##........##
# #§@§≈##.).)[.##
#≈§§≈≈########
##≈≈≈≈# #'≈≈≈'y
$##≈≈#≈≈≈ $ #####'
$ ##


You could see the 27-headed Lernaean hydra and a hornet (confused).

Vanquished Creatures
  A golden dragon (D)
  A shadow dragon (D)
  A lorocyproca (D)
  A deep elf annihilator (D)
  A mummy priest (D)
  A hydra (D)
  2 centaur warriors (D)
  Sonja (D)
  A deep troll (D)
  A lindwurm (D)
  2 oklob plants (D)
  2 merfolk sirens (D)
  4 demonic crawlers (D)
  2 gargoyles (D)
  2 kobold demonologists (D)
  2 unseen horrors (D)
  A hellwing (D)
  4 hornets (D)
  A slime creature (D)
  Sigmund (D)
  13 hogs (D)
  A yak (D)
  2 redbacks (D)
  3 floating eyes (D)
  An ogre (D)
  7 necrophages (D)
  8 jellies (D)
  Ijyb (D)
  2 ballistomycete spores (D)
70 creatures vanquished.

Notes
Turn   | Place    | Note
-------+----------+-------------------------------------------
     0 | D        | mhtbhm the Felid Enchanter began the quest for the Orb.
     0 | D        | Reached XP level 1. HP: 7/7 MP: 4/4
     2 | D        | Noticed Ijyb
    11 | D        | Killed Ijyb
    12 | D        | Reached skill level 6 in Stealth
    12 | D        | Reached XP level 2. HP: 6/11 MP: 4/6
   215 | D        | Learned a level 2 spell: Ensorcelled Hibernation
   216 | D        | Noticed an ogre
   227 | D        | Killed an ogre
   228 | D        | Reached skill level 8 in Stealth
   228 | D        | Reached XP level 3. HP: 14/14 MP: 5/9
   228 | D        | Reached XP level 4. HP: 18/18 MP: 5/10
   319 | D        | Learned a level 3 spell: Confusing Touch
   323 | D        | Learned a level 3 spell: Tukima's Dance
   325 | D        | Noticed Sigmund
   331 | D        | Killed Sigmund
   332 | D        | Reached skill level 5 in Dodging
   332 | D        | Reached skill level 11 in Stealth
   332 | D        | Reached skill level 1 in Ice Magic
   332 | D        | Reached XP level 5. HP: 21/21 MP: 4/13
   332 | D        | Gained mutation: You are covered in thick fur. (AC +2)
                  | [Felid growth]
   332 | D        | Reached XP level 6. HP: 24/24 MP: 4/14
   402 | D        | Found an ornate altar of the Wu Jian Council.
   402 | D        | Found a shimmering blue altar of Sif Muna.
   404 | D        | Found a radiant altar of Vehumet.
   410 | D        | Found Oseinoto's Armour Emporium.
   410 | D        | Found an ancient bone altar of Kikubaaqudgha.
   410 | D        | Found a hazy altar of Hepliaklqana.
   410 | D        | Found a stormy altar of Qazlal.
   410 | D        | Found a hide-covered altar of Uskayaw.
   410 | D        | Found a blossoming altar of Fedhas.
   410 | D        | Found a bloodstained altar of Trog.
   410 | D        | Found an iron altar of Okawaru.
   410 | D        | Found a basalt altar of Yredelemnul.
   410 | D        | Found a glowing golden altar of the Shining One.
   410 | D        | Found a snail-covered altar of Cheibriados.
   410 | D        | Found a sacrificial altar of Ru.
   410 | D        | Found a glowing silver altar of Zin.
   410 | D        | Found a shadowy altar of Dithmenos.
   410 | D        | Found a white marble altar of Elyvilon.
   410 | D        | Noticed a yak
   411 | D        | Found an opulent altar of Gozag.
   414 | D        | Killed a yak
   415 | D        | Reached skill level 12 in Stealth
   415 | D        | Reached skill level 5 in Spellcasting
   415 | D        | Found a sparkling altar of Nemelex Xobeh.
   423 | D        | Became a worshipper of Dithmenos the Shadowed
   637 | D        | Noticed Sonja
   643 | D        | Learned a level 3 spell: Dazzling Flash
   648 | D        | Killed Sonja
   649 | D        | Reached skill level 14 in Stealth
   649 | D        | Reached XP level 7. HP: 19/27 MP: 13/17
   662 | D        | Found Yrungase's Assorted Antiques.
   753 | D        | Found a burning altar of Makhleb.
   753 | D        | Found a viscous altar of Jiyva.
   753 | D        | Found a shimmering altar of Xom.
   753 | D        | Found a corrupted altar of Lugonu.
   753 | D        | Noticed a slime creature
   759 | D        | Killed a slime creature
   760 | D        | Reached skill level 5 in Unarmed Combat
   760 | D        | Reached XP level 8. HP: 31/31 MP: 14/18
   842 | D        | Noticed a deep troll
   847 | D        | HP: 1/31 [deep troll (14)]
   848 | D        | Demolished by a deep troll
   849 | D        | Reached XP level 7. HP: -16/27 MP: 17/17
   859 | D        | Killed a deep troll
   859 | D        | Reached * piety under Dithmenos
   860 | D        | Reached skill level 15 in Stealth
   860 | D        | Reached skill level 5 in Invocations
   860 | D        | Reached XP level 8. HP: 31/31 MP: 15/19
   873 | D        | Found Xiaff's Armour Emporium.
   929 | D        | Noticed a kobold demonologist
   930 | D        | Noticed a kobold demonologist
   933 | D        | Paralysed by a floating eye for 2 turns
   934 | D        | Noticed a red devil
   935 | D        | Mangled by a red devil
   936 | D        | Reached XP level 7. HP: -8/27 MP: 13/18
   939 | D        | Paralysed by a floating eye for 2 turns
   940 | D        | Noticed a sun demon
   945 | D        | Reached skill level 1 in Evocations
   948 | D        | Noticed a neqoxec
   956 | D        | Killed a kobold demonologist
   973 | D        | Killed a kobold demonologist
   973 | D        | Reached ** piety under Dithmenos
   974 | D        | Reached skill level 16 in Stealth
   974 | D        | Reached skill level 1 in Conjurations
   974 | D        | Reached skill level 15 in Hexes
   974 | D        | Reached XP level 8. HP: 17/31 MP: 2/20
  1126 | D        | Noticed a centaur warrior
  1127 | D        | Noticed a centaur warrior
  1131 | D        | Killed a centaur warrior
  1132 | D        | Reached skill level 1 in Fighting
  1132 | D        | Killed a centaur warrior
  1133 | D        | Reached skill level 17 in Stealth
  1133 | D        | Reached XP level 9. HP: 36/36 MP: 20/22
  1160 | D        | Noticed an oklob plant
  1162 | D        | Killed an oklob plant
  1162 | D        | Reached *** piety under Dithmenos
  1163 | D        | Reached skill level 10 in Dodging
  1193 | D        | Noticed an unseen horror
  1193 | D        | Noticed an unseen horror
  1197 | D        | Killed an unseen horror
  1197 | D        | Reached **** piety under Dithmenos
  1198 | D        | Reached skill level 18 in Stealth
  1198 | D        | Killed an unseen horror
  1240 | D        | Reached ***** piety under Dithmenos
  1241 | D        | Reached XP level 10. HP: 40/40 MP: 23/23
  1421 | D        | Reached ****** piety under Dithmenos
  1450 | D        | Identified the +8 fustibalus of Qazlal {venom, *Corrode
                  | rElec rN+++ SInv}
  1478 | D        | Found Tuczatho's Distillery.
  1478 | D        | Found Noplug's Weapon Shop.
  1478 | D        | Found Daaq Xongenn's Jewellery Boutique.
  1480 | D        | Found Gysoiram's Book Emporium.
  1480 | D        | Found Rithrorph's Weapon Shop.
  1480 | D        | Found Reguh's Magic Scroll Shoppe.
  1480 | D        | Found Qyjuampio's General Store.
  1480 | D        | Found Ipecaih's Book Emporium.
  1480 | D        | Found Vuta Qimm's Distillery.
  1480 | D        | Found Xigrur's Weapon Shoppe.
  1484 | D        | Found Xusk's Antique Armour Boutique.
  1485 | D        | Found Ipoamyr's Distillery.
  1485 | D        | Found Istrag's General Store.
  1486 | D        | Found Qoshreir's General Store.
  1487 | D        | Bought a scroll of blinking for 105 gold pieces
  1487 | D        | Bought a scroll of fog for 28 gold pieces
  1487 | D        | Bought a scroll of fog for 28 gold pieces
  1503 | D        | Bought a book of Hexes for 432 gold pieces
  1524 | D        | Bought a ring of flight for 192 gold pieces
  1542 | D        | Bought a ring of fire for 350 gold pieces
  1604 | D        | Reached skill level 19 in Stealth
  1650 | D        | Noticed a gargoyle
  1667 | D        | Reached skill level 10 in Invocations
  1673 | D        | Killed a gargoyle
  1693 | D        | Noticed a lorocyproca
  1726 | D        | Killed a lorocyproca
  1727 | D        | Reached skill level 20 in Stealth
  2050 | D        | Learned a level 1 spell: Slow
  2054 | D        | Learned a level 3 spell: Inner Flame
  2059 | D        | Learned a level 4 spell: Cause Fear
  2068 | D        | Learned a level 8 spell: Discord
  2077 | D        | Noticed a lindwurm
  2080 | D        | Killed a lindwurm
  2117 | D        | Reached XP level 11. HP: 29/45 MP: 4/25
  2309 | D        | Reached skill level 21 in Stealth
  2326 | D        | Reached skill level 10 in Unarmed Combat
  2601 | D        | Noticed a 12-headed hydra
  2603 | D        | Killed a 12-headed hydra
  2671 | D        | Noticed a shadow dragon
  2671 | D        | Noticed a golden dragon
  2672 | D        | Killed a shadow dragon
  2674 | D        | Killed a golden dragon
  2675 | D        | Reached skill level 22 in Stealth
  2675 | D        | Reached skill level 10 in Spellcasting
  2737 | D        | Found Feschir's Magic Scroll Shoppe.
  2755 | D        | Bought a scroll of blinking for 90 gold pieces
  2755 | D        | Bought a scroll of blinking for 90 gold pieces
  2755 | D        | Bought a scroll of identify for 24 gold pieces
  2755 | D        | Bought a scroll of identify for 24 gold pieces
  2755 | D        | Bought a scroll of identify for 24 gold pieces
  2774 | D        | Noticed a deep elf annihilator
  2774 | D        | Noticed a mummy priest
  2968 | D        | Noticed an oklob plant
  2969 | D        | Killed a deep elf annihilator
  2971 | D        | Killed an oklob plant
  2977 | D        | Reached skill level 23 in Stealth
  2977 | D        | Paralysed by a hornet for 3 turns
  2979 | D        | Mangled by a hornet
  2980 | D        | Reached XP level 10. HP: -7/42 MP: 14/25
  3092 | D        | Killed a merfolk siren
  3093 | D        | Reached skill level 5 in Ice Magic
  3132 | D        | Noticed a flayed ghost
  3132 | D        | Killed a mummy priest
  3133 | D        | Reached XP level 11. HP: 35/45 MP: 26/26
  3208 | D        | Paralysed by a hornet for 2 turns
  3216 | D        | Noticed the 27-headed Lernaean hydra
  3430 | D        | Slain by the 27-headed Lernaean hydra

Illustrated notes

Levels and vault maps discovered:
D:        dungeon_sprint_1 [red_sonja_temple_1, red_sonja_temple_small_1]

Skill      XL: |  1  2  3  4  5  6  7  8  9 10 11 |
---------------+----------------------------------+-----
Dodging        | 3 4 5 7 8 9 10 12 11 | 12.0
Stealth        | 6 8 11 14 16 17 18 20 23 | 23.5
Hexes          | 6 9 11 13 15 16 17 | 17.7
Unarmed Combat | 2 3 4 6 7 9 11 | 11.8
Spellcasting   | 3 4 6 7 8 9 10 | 10.4
Ice Magic      | 1 3 4 5 |  5.1
Invocations    | 3 6 7 9 10 12 | 12.9
Evocations     | 1 |  1.8
Conjurations   | 1 2 3 |  3.2
Fighting       | 1 2 3 |  3.1

Action                   |  1- 3 |  4- 6 |  7- 9 | 10-12 || total
-------------------------+-------+-------+-------+-------++-------
Melee: Unarmed           |     9 |     5 |    38 |   127 ||   179
       Bite              |     3 |       |     2 |    19 ||    24
       Punch             |       |       |     3 |    12 ||    15
 Cast: Ensorcelled Hiber |     1 |     5 |     1 |    14 ||    21
       Dazzling Flash    |       |       |     7 |    17 ||    24
       Confusing Touch   |       |       |     3 |     8 ||    11
Invok: Shadow Step       |       |       |     1 |     5 ||     6
Evoke: Wand              |       |       |     2 |     3 ||     5
  Use: Potion            |     2 |     1 |     3 |     7 ||    13
       Scroll            |       |       |     1 |     3 ||     4
 Stab: Sleeping          |     3 |     4 |    13 |    26 ||    46
       Invisible         |       |       |     3 |    14 ||    17
       Confused          |       |       |     1 |     5 ||     6
       Distracted        |       |       |       |     3 ||     3
Armor: Skin              |       |       |     8 |     2 ||    10
Dodge: Dodged            |     4 |     9 |    83 |   136 ||   232

Table legend: (Time is in decaauts)
 A = Elapsed time spent in this place.
 B = Non-inter-level travel time spent in this place.
 C = Inter-level travel time spent in this place.
 D = Time resting spent in this place.
 E = Time spent auto-exploring this place.
 F = Levels seen in this place.
 G = Mean time per level.
                   A        B        C        D        E       F      G
               +--------+--------+--------+--------+--------+-----+--------+
         Total |   3193 |   3193 |      0 |   2117 |     12 |   1 | 3193.0 |
       Dungeon |   3193 |   3193 |      0 |   2117 |     12 |   1 | 3193.0 |
               +--------+--------+--------+--------+--------+-----+--------+

Top non-repeatable levels by time:
       D: 3193 daAuts
